[Event "*** SCC Grand Prix: Titled Tuesday Blitz"]
[Site "Chess.com"]
[Date "2020.06.02"]
[Round "3"]
[White "Ty3oB"]
[Black "Kostya26"]
[Result "0-1"]
[WhiteElo "2169"]
[BlackElo "2418"]
[TimeControl "180+1"]
[EndTime "10:30:28 PDT"]
[Termination "Kostya26 won by resignation"]

1. d4 d5 2. Nf3 Nf6 3. c4 c6 4. Nc3 Bf5 5. Qb3 Qb6 6. c5 Qxb3 7. axb3 Na6 8. Ra4 Bc2 9. Nd2 Nc7 10. e3 a6 11. Ra3 e6 12. b4 Rd8 13. Nb3 Bxb3 14.
Rxb3 Be7 15. Bd3 O-O 16. O-O Rfe8 17. Ra3 Nd7 18. f4 f5 19. Bd2 Nf6 20. Raa1 Ne4 21. Be1 Bf6 22. h3 g6 23. Kh2 Kf7 24. g4 h5 25. gxh5 gxh5 26. Be2 Rh8 27. Nb1 Rdg8 28. Nd2 h4 29. Nf3 Ng3 30. Bxg3 Rxg3 31. Rg1 Rhg8 32.
Rxg3 Rxg3 33. Rg1 Rxg1 34. Kxg1 Ne8 35. Kg2 Ng7 36. Ne1 Ne8 37. Nd3 Nc7 38. Nc1 Na8 39.
Nb3 Bd8 40. Bh5+ Ke7 41. Kf3 Kf6 42. Ke2 Ke7 43. Kd3 Kd7 44. Nd2 Nc7 45. Nf3 Bf6 46. Kc2 Nb5 47. Kb3 Nc7 48. Ka4 Na8 49. Bf7 Ke7 50.
Bg8 Kd7 51. Ka5 Bd8+ 52. Ka4 Bf6 53. Ne5+ Bxe5 54. fxe5 Ke7 55. Ka5 Kd7 56. Bf7 Ke7 57.
Bg6 Kd7 58. Bh5 Kc7 59. Bf3 Kd7 60. Ka4 Kc7 61. Bh5 Kd7 62. Bf7 Ke7 63. Bg8 Kd7 64.
Kb3 Nc7 65. Kc2 Nb5 66. Kd3 Nc7 67. Bh7 Ke7 68. Bg8 Kf8 69. Bh7 Kg7 70. Bxf5 exf5 71. Ke2 Kg6 72. Kf3 Kg5 73. Kf2 Ne6 74. Kf3 f4 75.
exf4+ Nxf4 76. Ke3 Ne6 77. Kf3 Nxd4+ 78. Ke3 Ne6 79.
Kd3 Kf4 0-1

[Event "*** SCC Grand Prix: Titled Tuesday Blitz"]
[Site "Chess.com"]
[Date "2020.06.02"]
[Round "3"]
[White "Margarita2907"]
[Black "sopo-tereladze"]
[Result "0-1"]
[WhiteElo "2065"]
[BlackElo "2353"]
[TimeControl "180+1"]
[EndTime "10:30:31 PDT"]
[Termination "sopo-tereladze won by resignation"]

1. e4 e5 2. Nf3 Nc6 3. Bb5 a6 4. Ba4 Nf6 5. d3 b5 6. Bb3 Be7 7. O-O O-O 8. h3 d6 9. c3 Na5 10. Bc2 c5 11. d4 cxd4 12. cxd4 Bb7 13. Re1 Nc6 14. d5 Nb4 15. Bb3 a5 16. a3 Na6 17.
Nc3 b4 18. Na4 Rc8 19. Qd3 Re8 20. Be3 Bf8 21. Nb6 Rc7 22. Nc4 Nc5 23. Bxc5 Rxc5 24.
axb4 axb4 25. Ra7 Qb8 26. Rea1 Nxd5 27. exd5 e4 28. Qd2 exf3 29. Qxb4 Bxd5 30. Qa4 fxg2 31. Nd2 Bxb3 32. Nxb3 Rb5 33. Nd4 Rxb2 34. Nc6 Rb1+ 35.
Rxb1 Qxb1+ 36. Kxg2 Qg6+ 37. Kh2 d5 38. Ra8 Qd6+ 39.
Kg2 Rxa8 40. Qxa8 g6 41. Nd4 Kg7 42. Qa1 Qf6 43. Qd1 Bc5 44. Nf3 d4 45. Qd3 h6 46.
Nd2 Qc6+ 47. Ne4 f5 48. f3 fxe4 49. fxe4 Qe6 50. Kf3 Qf6+ 51. Kg3 Qe5+ 52. Kg2 Bd6 53. Qa6 Qg3+ 54. Kf1 Qxh3+ 55. Ke1 Qe3+ 56. Kd1 Qb3+ 57. Ke1 Qb4+ 58. Kf2 h5 59. Qa7+ Kh6 60. Qf7 Qc5 61.
Qf6 d3+ 62. Ke1 Qc1+ 63. Kf2 Qf4+ 64. Qxf4+ Bxf4 65. Ke1 d2+ 66. Kd1 Kg7 67. Ke2 Kf6 68.
Kd1 Ke5 69. Ke2 Kxe4 70. Kd1 h4 71. Ke2 h3 72. Kd1 h2 73. Kc2 h1=Q 0-1

[Event "*** SCC Grand Prix: Titled Tuesday Blitz"]
[Site "Chess.com"]
[Date "2020.06.02"]
[Round "3"]
[White "hellokostya"]
[Black "GMHess"]
[Result "0-1"]
[WhiteElo "2430"]
[BlackElo "2724"]
[TimeControl "180+1"]
[EndTime "10:30:33 PDT"]
[Termination "GMHess won on time"]

1. d4 g6 2. c4 Bg7 3. e4 b6 4. Nc3 Bb7 5. Be3 e6 6. Nf3 d6 7. Bd3 Nd7 8. h4 h6 9. Qd2 Ne7 10. O-O-O Nf6 11. Nh2 e5 12. d5 Bc8 13. f3 Nd7 14.
Kb1 Nc5 15. Bc2 a5 16. g4 Ba6 17. Bxc5 bxc5 18. Ba4+ Kf8 19. Bb5 Bb7 20. Nf1 Kg8 21.
Ng3 Bf8 22. h5 g5 23. Nf5 f6 24. Ne2 Nc8 25. Neg3 Nb6 26. a4 Rh7 27. Ne3 Bc8 28.
Qc2 Bd7 29. Ngf5 Qc8 30. Ka2 Rf7 31. b3 Kh7 32. Qd2 Qb7 33. Nc2 Rd8 34. Na3 Qa8 35. Bxd7 Nxd7 36. Nb5 Nb8 37. Qc1 Na6 38. Kb2 Nb4 39. Qd2 Rfd7 40. Rb1 c6 41. dxc6 Nxc6 42. Ne3 Nd4 43. Nxd4 exd4 44. Nd5 Bg7 45. Qd3 Kg8 46. f4 Rb8 47. Ka2 gxf4 48. Nxf4 Re8 49. Rbe1 Rde7 50.
Nd5 Re5 51. Rhf1 Qd8 52. Rf3 R8e6 53. Re2 Rg5 54. Nf4 Ree5 55. Ng6 Re8 56. Rg2 Qd7 57. Rf5 Qb7 58. Nf4 Qxe4 59. Qxe4 Rxe4 60. Nd5 Rgxg4 61. Rxg4 Rxg4 62. Nxf6+ Bxf6 63. Rxf6 Kg7 64. Rxd6 Rg5 65. Kb2 Rxh5 66. Kc2 Rh2+ 67. Kd3 Rh3+ 68. Kc2 h5 69. Ra6 Rg3 70. Rxa5 Rg5 71. Ra7+ Kh6 72. a5 h4 73. Ra8 Rg7 74. Rh8+ Kg5 75. a6 Kg4 76. Kd3 h3 77. b4 cxb4 78. c5 b3 79. Kxd4 b2 80. Rb8 h2 81. Rxb2 h1=Q 0-1

[Event "*** SCC Grand Prix: Titled Tuesday Blitz"]
[Site "Chess.com"]
[Date "2020.06.02"]
[Round "3"]
[White "RobertPrieb2007"]
[Black "CarlosAlbornoz"]
[Result "1-0"]
[WhiteElo "2516"]
[BlackElo "2714"]
[TimeControl "180+1"]
[EndTime "10:30:41 PDT"]
[Termination "RobertPrieb2007 won by resignation"]

1. d4 Nf6 2. c4 g6 3. Nc3 Bg7 4. e4 d6 5. Nf3 O-O 6. Be2 Bg4 7. Be3 Nfd7 8. Rc1 e5 9. d5 a5 10. Ng1 Bxe2 11. Ngxe2 f5 12. f3 Bh6 13. Bxh6 Qh4+ 14. Ng3 Qxh6 15. Qd2 f4 16. O-O Na6 17. Nge2 g5 18.
h3 Qg6 19. Nb5 h5 20. Qxa5 g4 21. Kh1 b6 22. Qd2 Rf7 23. Rg1 Rh7 24. b4 Kh8 25. a3 Rg8 26. Nec3 Nf6 27. Rcf1 Rhg7 28. Qf2 Nh7 29.
Qe1 Qf6 30. Ne2 g3 31. Qd2 Qh4 32. Nbd4 exd4 33. Nxd4 Qf6 34. Nf5 Rg5 35. Qxf4 Nb8 36. c5 Nd7 37. cxd6 cxd6 38. Qxd6 Rxf5 39. Qxd7 Rf4 40.
Rc1 Ng5 41. Rc6 Nxh3 42. gxh3 Qg5 43. Kg2 Rf6 44. Rc2 Qe3 45. Rf1 Qd3 46. Qc7 Rgf8 47. Qc3 Qb5 48. Qb3 Kh7 49. a4 Qxf1+ 50. Kxf1 Rxf3+ 51. Qxf3 Rxf3+ 52. Kg2 Re3 53. Rc7+ Kh6 54. d6 h4 55. d7 Rd3 56. e5 Kg6 57. Rc6+ Kf7 58.
Rd6 Re3 59. d8=Q Re2+ 60. Kf3 Rf2+ 61. Ke3 g2 62. Qd7+ Kg8 63. Kxf2 g1=Q+ 64. Kxg1 b5 65. Rg6+ Kf8 66. Qg7+ Ke8 67. Rh6 1-0

[Event "*** SCC Grand Prix: Titled Tuesday Blitz"]
[Site "Chess.com"]
[Date "2020.06.02"]
[Round "3"]
[White "AnishGiri"]
[Black "Matibar"]
[Result "1/2-1/2"]
[WhiteElo "2974"]
[BlackElo "2706"]
[TimeControl "180+1"]
[EndTime "10:30:43 PDT"]
[Termination "Game drawn by repetition"]

1. e4 d5 2. exd5 Qxd5 3. Nc3 Qd8 4. d4 Nf6 5. Nf3 Bg4 6. Be2 e6 7. O-O c6 8. h3 Bxf3 9. Bxf3 Nbd7 10. Ne2 Bd6 11. g3 O-O 12. a4 Qc7 13. a5 e5 14.
c3 a6 15. Bg2 Rfe8 16. Qc2 Re7 17. dxe5 Bxe5 18. Nf4 Rae8 19. Bd2 Nf8 20. b4 Ng6 21.
Nd3 Bd6 22. Rae1 h6 23. Rxe7 Rxe7 24. Re1 Rxe1+ 25. Bxe1 Ne5 26. Nf4 Nc4 27. Ne2 Qe7 28. Kf1 Nd5 29. Qd3 Ne5 30. Qe4 Nf6 31. Qc2 h5 32. Nd4 g6 33. Qe2 Ned7 34. Bd2 Qxe2+ 35. Kxe2 Kf8 36. f4 Ke7 37. Kd3 Ne8 38. g4 hxg4 39. hxg4 Nef6 40. Bf3 Kd8 41. Ne2 Kc7 42. c4 Be7 43. Bc3 Ne8 44. c5 Bf6 45. Bd2 Kd8 46. Ng3 Nc7 47. Ne4 Be7 48. Kc4 Nd5 49. Nd6 Bxd6 50. cxd6 N5f6 51. Be3 Ne8 52. Bc5 Ndf6 53.
g5 Nd7 54. Bg4 Ng7 55. Bd4 Ne6 56. Be3 Ke8 57. Kd3 Ndf8 58. Ke4 Nd7 59. f5 gxf5+ 60. Kxf5 Ng7+ 61. Ke4 Ne6 62. Bf5 Ng7 63. Bh3 Ne6 64.
g6 Kf8 65. Bh6+ Kg8 66. Bd2 Kg7 67. gxf7 Kxf7 68. Bf5 Nf6+ 69. Ke5 Nd7+ 70. Ke4 Nf6+ 71. Kd3 Ne8 72. Bg4 Nxd6 73. Bc3 Nc7 74. Be5 Ke7 75. Bxd6+ Kxd6 76. Bc8 Nd5 77. Bxb7 Nxb4+ 78. Kc4 Kc7 79. Kxb4 Kxb7 80. Kc4 Kc7 81. Kc5 Kb7 82. Kd6 c5 83. Kxc5 Kc7 84. Kd5 Kd7 85. Kc5 Kc7 86.
Kd5 Kd7 87. Kc5 Kc7 1/2-1/2

[Event "*** SCC Grand Prix: Titled Tuesday Blitz"]
[Site "Chess.com"]
[Date "2020.06.02"]
[Round "3"]
[White "Tenamu"]
[Black "Natalya_Buksa"]
[Result "0-1"]
[WhiteElo "2357"]
[BlackElo "2559"]
[TimeControl "180+1"]
[EndTime "10:30:49 PDT"]
[Termination "Natalya_Buksa won by resignation"]

1. e4 c5 2. Nf3 Nc6 3. Bb5 g6 4.
O-O Bg7 5. c3 Qb6 6. Na3 a6 7.
Ba4 Qc7 8. Bc2 d6 9. Nc4 b5 10. Ne3 Nf6 11. b3 O-O 12. Bb2 e5 13. Rc1 Nd8 14.
d4 Re8 15. dxe5 dxe5 16. c4 Bb7 17. Nd5 Qd6 18. Qe2 Nc6 19. Rfd1 Nd4 20. Qe3 Nxd5 21. cxd5 Rac8 22. Bd3 h6 23. Ba3 Qb6 24. h3 a5 25.
Nxd4 cxd4 26. Qe2 b4 27. Bb2 Bf6 28. Bc4 Qd6 29. Rc2 Rc7 30. Rdc1 Rec8 31. Bd3 Bg5 32. Rxc7 Rxc7 33. Rc2 Kf8 34. g3 Be7 35. h4 Kg7 36. Qd2 Bc8 37. Bc1 h5 38. Bb2 Rxc2 39. Qxc2 Qc5 40. Qxc5 Bxc5 41. Kf1 Kf8 42. Bc1 Ke7 43.
Ke2 Bg4+ 44. f3 Bc8 45. Bc4 f5 46. Bg5+ Ke8 47. Bf6 Bd6 48. Kf2 fxe4 49. fxe4 Bd7 50.
Kf3 Bc7 51. Ke2 Kf7 52. Kd3 Kxf6 53. Ba6 Ke7 54. Bb7 Kd6 55. Kd2 Bg4 56. Ba6 Bf3 57.
Bd3 Bd8 58. Ke1 g5 59. Kf2 Bg4 60. hxg5 Bxg5 61. Bc4 Bd1 62. Bd3 h4 63. gxh4 Bxh4+ 64. Kf1 Bh5 65. Bc2 d3 66. Bxd3 Kc5 67. Bc4 Kd4 68. d6 Kxe4 69. d7 Kd4 70. Kg2 e4 71. Kh3 Bd8 72. Kg3 Bc7+ 73. Kf2 e3+ 74. Ke1 Bf3 75.
Bb5 Kc3 76. Bc4 Kb2 77. Bb5 Kxa2 78. Bc4 Kb2 79. Be6 Kc3 80. Bf7 a4 81. Be6 a3 0-1

[Event "*** SCC Grand Prix: Titled Tuesday Blitz"]
[Site "Chess.com"]
[Date "2020.06.02"]
[Round "3"]
[White "XiaoKangZhong"]
[Black "Zkid"]
[Result "0-1"]
[WhiteElo "2438"]
[BlackElo "2763"]
[TimeControl "180+1"]
[EndTime "10:30:54 PDT"]
[Termination "Zkid won by resignation"]

1. e4 e6 2. d4 d5 3. Nd2 c5 4. exd5 Qxd5 5. Ngf3 cxd4 6. Bc4 Qd7 7. O-O Nc6 8. Nb3 Nf6 9. Nbxd4 Nxd4 10. Nxd4 a6 11. Bb3 Bc5 12. Be3 O-O 13. c3 Qc7 14. Qe2 e5 15. Nc2 Bd6 16. h3 Bf5 17. a3 Rad8 18. Rad1 Ne4 19. Nb4 Bg6 20. Nd5 Qc6 21.
Rfe1 Bc5 22. Ba2 Kh8 23. Bxc5 Nxc5 24. b4 Nd7 25. c4 Rfe8 26. b5 Qc5 27. a4 a5 28. Qd2 b6 29. Qe3 Qxe3 30. Rxe3 Nc5 31. Rde1 f6 32. Nxb6 Rd2 33. R1e2 Red8 34. Nd5 Rd1+ 35.
Re1 Rxe1+ 36. Rxe1 Nxa4 37. Rc1 Bf7 38. Ne3 g6 39.
Bb1 Rc8 40. Be4 Rc5 41. Bd5 Be8 42. Ra1 Nb6 43. Rxa5 f5 44. Ra6 Nxd5 45. Nxd5 Bxb5 46. Ra8+ Kg7 47. Ra7+ Kh6 48. cxb5 Rxd5 49. b6 Rb5 50. b7 Rb2 51. g3 g5 52. Kg2 Kg6 53. Kf3 e4+ 54.
Kg2 h6 55. Ra6+ Kh5 56. Ra7 e3 57. Kf3 e2 58. Ra1 g4+ 59. Kg2 Rxb7 60. hxg4+ Kxg4 61. Re1 Rb2 62. f3+ Kg5 63. Kf2 Rb3 64. Rxe2 h5 65. Kg2 h4 66. gxh4+ Kxh4 67. Kf2 Kg5 68.
Rd2 Kf4 69. Rd4+ Ke5 70. Rd2 Rc3 71. Ra2 Kf4 72. Ra4+ Kg5 73. Ra2 f4 74. Ra5+ Kh4 75. Ra2 Rb3 76. Kg2 Rb8 77. Rf2 Rg8+ 78. Kf1 Rg3 79.
Ke2 Kh3 80. Rf1 Rg2+ 81. Kd3 Kg3 82. Ke4 Re2+ 83. Kf5 Ra2 84. Ke4 Ra4+ 85. Kd3 Ra3+ 86. Ke4 Re3+ 87. Kf5 Rxf3 88. Rg1+ Kf2 89. Ke4 Ra3 90.
Rb1 f3 91. Rb8 Kf1 92. Rb2 f2 93. Rb1+ Kg2 94. Rb2 Kg1 95. Kf4 f1=Q+ 96. Kg4 Qf3+ 97.
Kh4 Ra4+ 98. Rb4 Rxb4+ 0-1

[Event "*** SCC Grand Prix: Titled Tuesday Blitz"]
[Site "Chess.com"]
[Date "2020.06.02"]
[Round "3"]
[White "Revnov"]
[Black "Oleksandr_Bortnyk"]
[Result "1/2-1/2"]
[WhiteElo "2695"]
[BlackElo "2958"]
[TimeControl "180+1"]
[EndTime "10:30:56 PDT"]
[Termination "Game drawn by repetition"]

1. b3 e5 2. Bb2 Nc6 3. e3 a6 4.
Nf3 d6 5. d4 e4 6. Nfd2 Nf6 7.
c4 Bg4 8. Be2 Bxe2 9. Qxe2 Nb4 10. O-O Nc2 11. Nxe4 Nxa1 12. Nxf6+ Qxf6 13. Nc3 Nxb3 14. axb3 c6 15. d5 Qg6 16. dxc6 bxc6 17. Qf3 Rc8 18.
Ne2 Be7 19. Nf4 Qh6 20. Nh5 f6 21. Ng3 g6 22. Qe4 Kf7 23. f4 Rhe8 24. Ra1 Qh4 25. Rxa6 Qg4 26. Qd3 Qd7 27. Ra1 d5 28. Ne2 Qe6 29.
Nd4 Qe4 30. Qxe4 dxe4 31. Ra6 Bc5 32. Kf2 Bxd4 33. Bxd4 Re7 34. b4 Rb7 35. Bc5 Rd7 36.
Bd4 h5 37. h3 Rb7 38. Bc5 g5 39. fxg5 fxg5 40. Kg3 Kg7 41. Bd4+ Kf7 42. Bc5 Ke6 43. b5 Kd7 44. b6 Re8 45. Bd4 Kd6 46. c5+ Kd5 47.
Ra1 Rf7 48. Ra2 Kc4 49. Ra4+ Kd3 50. Ra1 h4+ 51. Kg4 Rf2 52. Ra3+ Kc4 53. Kxg5 Rg8+ 54. Kxh4 Rfxg2 55. Ra7 Rf2 56. Rh7 Rf3 57. Rh5 Rgg3 58. Rg5 Rxh3+ 59. Kg4 Rhg3+ 60. Kh5 Rxg5+ 61. Kxg5 Rf7 62. Kg4 Kd5 63. Kg3 Ke6 64. Kg4 Kd7 65. Kg5 Kc8 66.
Kg6 Rf3 67. Kg5 Kb7 68. Kg4 Rf1 69. Kg5 Kc8 70. Kg4 Kd7 71. Kg5 Ke6 72. Kg4 Kd5 73. Kg5 Kc4 74. Kg4 Kd3 75. Kg5 Rf7 76. Kg6 Rf1 77.
Kg5 Kc4 78. Kg4 Kd5 79. Kg5 Ke6 80. Kg4 Rf5 81. Kg3 Rf7 82. Kg4 Rf8 83. Kg5 Kd5 84. Kg6 Rf3 85. Kg5 Ke6 86. Kg4 Kd7 87. Kg5 Rf2 88.
Kg4 Rf1 89. Kg5 Ke7 90. Kg4 Kf7 91. Kg5 Ke6 1/2-1/2

[Event "*** SCC Grand Prix: Titled Tuesday Blitz"]
[Site "Chess.com"]
[Date "2020.06.02"]
[Round "3"]
[White "jb2mix"]
[Black "AverageRecord"]
[Result "1/2-1/2"]
[WhiteElo "2709"]
[BlackElo "3009"]
[TimeControl "180+1"]
[EndTime "10:30:58 PDT"]
[Termination "Game drawn - insufficient material"]

1. e4 e5 2. Nf3 Nf6 3. Nxe5 d6 4.
Nf3 Nxe4 5. d3 Nf6 6. d4 Bf5 7. Bd3 Bxd3 8. Qxd3 c6 9. O-O Be7 10.
Re1 O-O 11. Nbd2 d5 12. Nf1 Re8 13. Ng3 Nbd7 14. Bf4 g6 15. Re2 Bf8 16. Rae1 Rxe2 17. Qxe2 Qa5 18. a3 Re8 19. Qd2 Qb5 20. Rxe8 Nxe8 21.
Qe2 Qxe2 22. Nxe2 f6 23. a4 g5 24. Bg3 h6 25. b3 Kf7 26. Ne1 f5 27. f3 f4 28. Bf2 Nd6 29. Nd3 Bg7 30. g3 fxg3 31.
hxg3 h5 32. Kg2 Kg6 33. c3 Kf5 34. Be3 Nf8 35. g4+ Kg6 36. gxh5+ Kxh5 37. Ng3+ Kg6 38. Kf2 Ne6 39. Ke2 Nf5 40. Nxf5 Kxf5 41. Kd2 Bf8 42.
Ne5 Bd6 43. Nf7 Bc7 44. Nh6+ Kg6 45. Ng4 Ng7 46. Kd3 Nf5 47. Bd2 Nh4 48. Ke2 Kf5 49. Nh6+ Kg6 50. Ng4 Nf5 51. Nf2 Ng7 52. Ng4 Ne6 53. Kd3 b6 54. Ke2 Nf8 55. Nf2 Nd7 56. Nh3 Bd8 57. Kd3 Kh5 58. Ke2 Kh4 59. Nf2 Nf6 60.
c4 Bc7 61. Nd3 Kh5 62. Nb4 dxc4 63. bxc4 c5 64. dxc5 bxc5 65. Nc6 a6 66. Ne7 Nd7 67. Bc3 Be5 68. Nd5 Kg6 69. a5 Kf5 70. Kd3 Bd6 71.
Ke2 Be5 72. Kd3 Bxc3 73. Nxc3 Ne5+ 74. Ke2 Nxc4 75. Ne4 g4 76. Nxc5 g3 77. Nxa6 Nxa5 78. Nc5 Nc4 79. Ne4 Kf4 80. Nxg3 Kxg3 81. Kd3 Kf4 82.
Kd4 Kxf3 1/2-1/2

[Event "*** SCC Grand Prix: Titled Tuesday Blitz"]
[Site "Chess.com"]
[Date "2020.06.02"]
[Round "3"]
[White "vaishali2001"]
[Black "chito89"]
[Result "0-1"]
[WhiteElo "2607"]
[BlackElo "2804"]
[TimeControl "180+1"]
[EndTime "10:30:58 PDT"]
[Termination "chito89 won by resignation"]

1. e4 g6 2. d4 Bg7 3. Nc3 d6 4.
Nf3 c6 5. a4 Nf6 6. Be2 O-O 7.
O-O Nbd7 8. a5 Qc7 9. Be3 Rb8 10.
h3 b5 11. axb6 axb6 12. d5 Bb7 13. Nd4 cxd5 14. Ndb5 Qd8 15. exd5 Ra8 16. Qd2 Nc5 17. Bf3 Qd7 18. Nd4 Rxa1 19. Rxa1 Ra8 20. Qe1 Qe8 21.
b4 Ncd7 22. Rxa8 Qxa8 23. Nc6 Bf8 24. b5 Ne5 25. Nxe5 dxe5 26. Bxb6 Nxd5 27. Bxd5 Bxd5 28. Nxd5 Qxd5 29. Qe2 Qa2 30. Qxe5 Qxc2 31. Bd4 f6 32. Qd5+ Kg7 33. b6 Qb1+ 34. Kh2 e5 35. Qd7+ Kh6 36. Be3+ g5 37. b7 e4 38. g3 Qb4 39. Qc8 Bd6 40.
Qe6 Kg6 41. Qd7 Be5 42. Kg2 h5 43. Ba7 e3 44. Bxe3 Qe4+ 45. Kg1 h4 46. Qe8+ Kf5 47. b8=Q hxg3 48. fxg3 Qxe3+ 49. Kf1 Qf3+ 50. Ke1 Qxg3+ 51. Kd1 Bxb8 52. Qd7+ Kg6 53. Qe8+ Kf5 54. Qd7+ Ke4 55. Qc6+ Ke3 56. Qc3+ Kf2 57. Qxf6+ Bf4 58. Qd4+ Qe3 59.
Qb4 Qf3+ 60. Kc2 Qe2+ 61. Kb3 Qe3+ 62. Ka4 Qxh3 63. Qb6+ Kg3 64. Qg1+ Kh4 65. Qe1+ Qg3 66. Qe7 Kg4 67. Qh7 Qe3 68. Qd7+ Kg3 69. Qh7 Qd4+ 70.
Kb5 Qe5+ 71. Ka6 Qd6+ 72. Kb5 Qe5+ 73. Ka6 Qa1+ 74. Kb7 Qb2+ 75. Ka6 Qa3+ 76. Kb5 g4 77. Qe4 Qe3 78. Qb1 Kf2 79. Qc2+ Qe2+ 80. Qxe2+ Kxe2 0-1

[Event "*** SCC Grand Prix: Titled Tuesday Blitz"]
[Site "Chess.com"]
[Date "2020.06.02"]
[Round "3"]
[White "crazy_but_lazy"]
[Black "Matveev_Vladimir"]
[Result "1-0"]
[WhiteElo "2405"]
[BlackElo "2583"]
[TimeControl "180+1"]
[EndTime "10:31:03 PDT"]
[Termination "crazy_but_lazy won by resignation"]

1. d4 Nf6 2. c4 g6 3. Nc3 Bg7 4. h4 c5 5. d5 d6 6. e4 b5 7. cxb5 a6 8. a4 O-O 9. Nf3 e6 10. Be2 exd5 11. exd5 Bf5 12. O-O Ne4 13. Ra3 Qa5 14. Nxe4 Bxe4 15. Bd2 Qd8 16. Bc3 Bxf3 17. Bxf3 Bxc3 18. Rxc3 axb5 19. axb5 Qxh4 20. Re1 Nd7 21. g3 Qf6 22. Bg2 Ra2 23. Qb3 Rfa8 24. b6 R2a6 25.
b7 Rb8 26. Qb5 Ra7 27. Qxd7 Raxb7 28. Re8+ Rxe8 29. Qxe8+ Kg7 30. Qe2 Re7 31. Re3 Rxe3 32. fxe3 Qe5 33. Qf2 h5 34. Kh2 h4 35. Qf4 hxg3+ 36.
Kxg3 Qe7 37. e4 Qc7 38. Bf3 Qe7 39. Kg2 Qc7 40. Qe3 Qe7 41. Qc3+ Kg8 42. b4 Qg5+ 43. Kf2 Qh4+ 44. Kg2 Qg5+ 45. Kf1 cxb4 46. Qxb4 Qe3 47. Kg2 Qg5+ 48. Kf2 Qh4+ 49. Ke2 Qh2+ 50. Ke3 Qg1+ 51. Kd3 Qf1+ 52. Be2 Qh3+ 53. Kc2 Qe3 54. Qd2 Qxe4+ 55. Qd3 Qa4+ 56. Kd2 Qb4+ 57. Ke3 Qc5+ 58. Kf3 f5 59.
Kg2 Qc1 60. Bf3 Qg5+ 61. Kf2 Qh4+ 62. Kg2 Qf4 63. Qe2 Qg5+ 64. Kf1 Qc1+ 65. Kf2 Qc5+ 66. Kg2 Kg7 67. Qe7+ Kh6 68. Qh4+ Kg7 69. Qe7+ Kh6 70. Qf8+ Kg5 71. Qe7+ Kf4 72. Qh4+ Ke5 73. Qg5 Qc2+ 74.
Kg3 Qd3 75. Qe7+ Kd4 76. Qf6+ Kc5 77. Kf4 Qd4+ 78. Qxd4+ Kxd4 79. Kg5 Ke3 80. Bh1 f4 81. Kxg6 f3 82. Bxf3 Kxf3 83. Kf6 Ke4 84. Ke6 Kd4 85. Kxd6 Kc4 86. Kc6 1-0

[Event "*** SCC Grand Prix: Titled Tuesday Blitz"]
[Site "Chess.com"]
[Date "2020.06.02"]
[Round "3"]
[White "LamaChampetre"]
[Black "erlesfar"]
[Result "1-0"]
[WhiteElo "2194"]
[BlackElo "2379"]
[TimeControl "180+1"]
[EndTime "10:31:03 PDT"]
[Termination "LamaChampetre won on time"]

1. d4 Nf6 2. c4 c5 3. d5 b5 4.
cxb5 a6 5. bxa6 Bxa6 6. Nc3 g6 7. e4 Bxf1 8. Kxf1 d6 9. g3 Bg7 10. Kg2 O-O 11. h3 Nbd7 12. Nf3 Qa5 13. Re1 Rfb8 14.
Re2 Ne8 15. Bg5 Kf8 16. Rc1 Nc7 17. Rcc2 Nb5 18. Nxb5 Rxb5 19. b3 Ne5 20. Nxe5 Bxe5 21. Bh6+ Kg8 22. f4 Bd4 23. e5 Rbb8 24. Qd3 Qa6 25. Qf3 Rd8 26. Bg5 Ra7 27. Qe4 Qb7 28.
exd6 Rxd6 29. Bxe7 Rxd5 30. Kh2 Qd7 31. Bg5 Kg7 32.
Bh4 Ra6 33. g4 Re6 34. Qf3 f5 35. gxf5 Rxf5 36. Rxe6 Qxe6 37. Re2 Qd5 38. Re7+ Kg8 39. Qxd5+ Rxd5 40. Re8+ Kg7 41. Re7+ Kg8 42. Re8+ Kf7 43. Re7+ Kf8 44. Rxh7 Be3 45. Bg5 Rd2+ 46. Kg3 Rxa2 47. Kf3 Bd4 48. Rb7 Rf2+ 49. Ke4 Re2+ 50. Kd5 Re3 51. h4 Ke8 52. Rb8+ Kd7 53. Rb7+ Kc8 54. Rh7 Rxb3 55. Kc6 Kb8 56. Rf7 c4 57. Be7 c3 58.
Bd6+ Ka8 59. Kd5 Bb6 60. Rf8+ Kb7 61. Rf7+ Ka6 62. Kc4 c2 63. Kxb3 c1=Q 64. Rf6 Qb1+ 65. Kc4 Qa2+ 66. Kd3 Qb3+ 67. Ke4 Qc2+ 68. Kd5 Qd3+ 69.
Ke6 Qe4+ 70. Be5 Kb5 71. Kf7 Bd4 72. Rxg6 Bxe5 73. fxe5 Qf5+ 74. Kg7 Qh5 75. Rg5 Qxh4 76. Kf6 Qe4 77. e6+ Kc6 78. e7 Qf4+ 79. Rf5 Qd6+ 80.
Kf7 Qd7 81. Rf6+ Kd5 82. Kf8 1-0

[Event "*** SCC Grand Prix: Titled Tuesday Blitz"]
[Site "Chess.com"]
[Date "2020.06.02"]
[Round "3"]
[White "OnatB"]
[Black "gumimis"]
[Result "1/2-1/2"]
[WhiteElo "2328"]
[BlackElo "2142"]
[TimeControl "180+1"]
[EndTime "10:31:10 PDT"]
[Termination "Game drawn - insufficient material"]

1. e4 c6 2. d4 d5 3. exd5 cxd5 4.
Bd3 Nc6 5. c3 Nf6 6. Bf4 g6 7.
Nf3 Bg4 8. Nbd2 Bg7 9. O-O O-O 10. Qb3 Bxf3 11. Nxf3 Qd7 12. Rae1 e6 13. Ne5 Nxe5 14. Bxe5 a6 15. a4 Rac8 16. h3 Rfe8 17. Re2 Qc6 18. Rfe1 Nd7 19. Bxg7 Kxg7 20. h4 h5 21. Re3 Qc7 22.
Qd1 Qf4 23. g3 Qd6 24. Kg2 Nb6 25. Qb3 Re7 26. Re5 Nc4 27. Bxc4 Rxc4 28. R1e2 Qc6 29. a5 Rd7 30. f3 Qa4 31. Qb6 Rc6 32. Qa7 Qxa5 33.
g4 hxg4 34. fxg4 Qb6 35. Qxb6 Rxb6 36. h5 Rd8 37. Kg3 Rh8 38. Kh4 Rc6 39. R5e3 Rcc8 40. Kg5 f6+ 41. Kh4 gxh5 42. Rxe6 hxg4+ 43. Kxg4 Rcf8 44. Re7+ Rf7 45. R2e6 f5+ 46. Kg5 Rh2 47. Rg6+ Kf8 48. Rxf7+ Kxf7 49. Rf6+ Ke7 50. Rxf5 Rxb2 51. Rxd5 Rc2 52.
Rc5 Kd6 53. Kf5 b6 54. Rc8 Kd7 55. Rc4 b5 56. Rc5 Rb2 57. Ke4 a5 58. Kd5 a4 59. c4 b4 60. Ra5 a3 61. c5 a2 62.
c6+ Kc7 63. Ra7+ Kc8 64. Kd6 Kb8 65. Ra4 b3 66. c7+ Kb7 67. Kd7 Rc2 68. Rb4+ Ka6 69.
Ra4+ Kb5 70. Ra8 Kb4 71. d5 Kc3 72. d6 Kb2 73. c8=Q Rxc8 74. Kxc8 a1=Q 75. Rxa1 Kxa1 76. d7 b2 77. d8=Q b1=Q 78. Qa5+ Qa2 79. Qc3+ Qb2 80.
Qa5+ Qa2 81. Qxa2+ Kxa2 1/2-1/2

[Event "*** SCC Grand Prix: Titled Tuesday Blitz"]
[Site "Chess.com"]
[Date "2020.06.02"]
[Round "3"]
[White "Shushik"]
[Black "El_ultimo_Pablo"]
[Result "0-1"]
[WhiteElo "2160"]
[BlackElo "2362"]
[TimeControl "180+1"]
[EndTime "10:31:13 PDT"]
[Termination "El_ultimo_Pablo won on time"]

1. e4 e5 2. Nf3 Nc6 3. Bc4 Bc5 4. c3 Nf6 5. d4 exd4 6. e5 d5 7. Bb5 Ne4 8. cxd4 Bb4+ 9. Nbd2 Bg4 10. Qc2 Bxd2+ 11.
Bxd2 O-O 12. Bxc6 bxc6 13. Be3 Rb8 14. Nd2 Bf5 15. Qc1 Qh4 16. Nf3 Qe7 17. O-O Rb6 18. b3 Rfb8 19. Ne1 h6 20. f3 Ng5 21. f4 Ne6 22.
Nf3 a5 23. Bd2 Ra8 24. h3 Be4 25. Kh2 a4 26. b4 a3 27. Re1 Bxf3 28. gxf3 Nxd4 29.
Qc3 Qxb4 30. Qxb4 Rxb4 31. Bxb4 Nxf3+ 32. Kg2 Nxe1+ 33. Bxe1 Ra4 34. Kf3 Rc4 35. Rb1 Rc2 36. Rb3 Rxa2 37. Bb4 Rh2 38. Kg3 a2 39. Bc3 Rc2 40.
Bd4 Rc1 41. Ra3 Rd1 42. Bb2 Rd2 43. Rxa2 c5 44. Kf3 Kh7 45. Ke3 Rh2 46. Kd3 Kg6 47. Kc3 Kf5 48. Kb3 c4+ 49. Ka3 c6 50. Bc1 Rxh3+ 51. Kb4 Rb3+ 52. Kc5 h5 53. Kxc6 d4 54. Kc5 Rc3 55. Kxd4 Rxc1 56. Rh2 g5 57. Rxh5 Kxf4 58. Rh7 Kg4 59. Rxf7 c3 60. e6 c2 61. e7 Re1 62. e8=Q Rxe8 63. Rc7 Re2 64. Kd3 Rg2 65. Ke3 Kg3 66. Rc3 g4 67. Ke4+ Kh2 68. Kf4 g3 69.
Rc8 Kg1 0-1

[Event "*** SCC Grand Prix: Titled Tuesday Blitz"]
[Site "Chess.com"]
[Date "2020.06.02"]
[Round "3"]
[White "Kobalia"]
[Black "Muracle"]
[Result "1-0"]
[WhiteElo "2774"]
[BlackElo "2593"]
[TimeControl "180+1"]
[EndTime "10:31:18 PDT"]
[Termination "Kobalia won by resignation"]

1. e4 c5 2. Nf3 Nc6 3. Bb5 g6 4. Bxc6 dxc6 5. O-O Bg7 6. d3 Qc7 7. a4 e5 8. a5 Nf6 9. Nbd2 Bg4 10. h3 Bxf3 11. Nxf3 O-O-O 12. Be3 Nxe4 13. Qe1 Nd6 14.
Bxc5 b6 15. axb6 axb6 16. Bxd6 Qxd6 17. Ra7 Rhe8 18. Rxf7 Re7 19. Rxe7 Qxe7 20. Qe4 Kb7 21. Re1 Qc5 22. Nxe5 Qxc2 23. b4 Bxe5 24. Qxe5 Qxd3 25. h4 Qd4 26. Qe7+ Rd7 27. Qe8 Rc7 28. b5 cxb5 29. Qxb5 Qc4 30. Qe5 Qc5 31. Qe4+ Qc6 32. Qe5 Qc5 33.
Qf6 b5 34. Rb1 Qb6 35. Qf3+ Rc6 36. Qd5 Ka6 37. Ra1+ Kb7 38. Qg8 Qc7 39. Qa8+ Kb6 40. Qa6+ Kc5 41. Rc1+ Kd5 42. Qxb5+ Rc5 43. Rd1+ Ke4 44.
Qe2+ Kf5 45. Qf3+ Ke5 46. Re1+ Kd4 47. Qe4+ Kc3 48. Rc1+ Kb3 49. Qe3+ Kb4 50. Rb1+ Kc4 51. Qb3+ Kd4 52. Rd1+ Ke5 53. Qe3+ Kf6 54. Qd4+ Qe5 55.
Qd8+ Kf5 56. Qf8+ Kg4 57. Qf3+ Kxh4 58. Qh3+ Kg5 59. Qxh7 Rd5 60. Rc1 Kf6 61. Qh8+ Kf5 62.
Qf8+ Qf6 63. Qc8+ Kg5 64. Qh3 Qf5 65. Qg3+ Kf6 66. Rc6+ Kg7 67. Rc7+ Rd7 68. Qc3+ Kh7 69. Rxd7+ Qxd7 70. Qh3+ Qxh3 71. gxh3 Kh6 72. Kg2 Kh5 73. Kg3 Kg5 74. h4+ Kh5 75. Kh3 g5 76. hxg5 Kxg5 77. Kg3 Kf5 78. Kf3 Ke5 79. Kg4 Kf6 80. Kf4 Ke6 81. Kg5 Kf7 82. Kf5 Ke7 83. Kg6 Ke6 84. f4 Ke7 85. f5 Kf8 86. Kf6 1-0